 Dungeon Crawl Stone Soup version 0.23.2-33-g5129a83184 (webtiles) character file.

Game seed: 1139235902113720196

564 BorisKarlOrff the Covert (level 7, -2/46 HPs)
             Began as an Octopode Assassin on June 29, 2019.
             Was an Initiate of Dithmenos.
             Splashed by a jelly's acid (7 damage)
             ... on level 5 of the Dungeon.
             The game lasted 00:12:27 (3685 turns).

BorisKarlOrff the Covert (Octopode Assassin)        Turns: 3685, Time: 00:12:29

Health: -2/46      AC: -7    Str: 10    XL:     7   Next: 32%
Magic:  7/7        EV: 11    Int: 13    God:    Dithmenos [......]
Gold:   200        SH:  7    Dex: 16    Spells: 5/6 levels left

rFire    . . .     SeeInvis +   a - +2 dagger
rCold    . . .     Gourm    .   e - +0 shield
rNeg     . . .     Faith    .   (helmet restricted)
rPois    .         Spirit   .   (no amulet)
rElec    .         Reflect  .   g - ring of protection from magic
rCorr    .         Harm     .   k - ring of see invisible
MR       +....                  (no ring)
Stlth    +++++.....             (no ring)
HPRegen  0.15/turn              (no ring)
MPRegen  0.10/turn              (no ring)
                                (no ring)
                                (no ring)

@: corroded
A: almost no armour, stealthy swim, amphibious, 8 rings, constrict 8, camouflage
1, gelatinous body 1
a: Renounce Religion


You were on level 5 of the Dungeon.
You worshipped Dithmenos.
Dithmenos was noncommittal.
You were not hungry.

You visited 1 branch of the dungeon, and saw 5 of its levels.

You collected 200 gold pieces.

Inventory:

Hand Weapons
 a - a +2 dagger (weapon)
 b - a +0 blowgun
 h - a +2 dagger of holy wrath
 l - a +0 dagger of speed
Missiles
 c - 23 poisoned needles
 d - 2 curare-tipped needles
Armour
 e - a +0 shield (worn)
Jewellery
 g - a ring of protection from magic (left tentacle)
 k - a ring of see invisible (right tentacle)
Scrolls
 m - a scroll of remove curse
 n - 5 scrolls of identify
Potions
 i - a potion of curing
 j - a potion of brilliance {unknown}
 o - a potion of invisibility
 p - a potion of heal wounds {unknown}
Comestibles
 f - 8 rations


   Skills:
 + Level 3.1 Fighting
 + Level 3.6 Short Blades
 + Level 3.8 Throwing
 + Level 2.3 Dodging
 + Level 8.6 Stealth
 + Level 0.3 Shields
 + Level 0.3 Spellcasting
 + Level 0.7 Hexes


You had 5 spell levels left.
You knew the following spells:

 Your Spells              Type           Power        Failure   Level  Hunger
a - Confusing Touch       Hex            #.....       83%         1    ##.....

Your spell library contained the following spells:

 Spells                   Type           Power        Failure   Level  Hunger
 Animate Skeleton         Necr           N/A          89%         1    ##.....
 Apportation              Tloc           #.....       89%         1    ##.....
 Sandblast                Erth           #.....       89%         1    ##.....
 Summon Small Mammal      Summ           #...         89%         1    ##.....
 Passwall                 Tmut/Erth      #.......     96%         2    ###....
 Stone Arrow              Conj/Erth      #.....       99%         3    ####...
 Petrify                  Tmut/Erth      #.......     100%        4    #####..
 Lee's Rapid Deconstruct  Erth           #.........   100%        5    ######.


Dungeon Overview and Level Annotations

Branches:
Dungeon (5/15)             Temple (0/1) D:4

Altars:
Dithmenos
Sif Muna
Vehumet
Zin
The Shining One


Innate Abilities, Weirdness & Mutations

You cannot wear most types of armour.
You are very stealthy in the water. (Stealth+)
You are amphibious.
You can wear up to eight rings at the same time.
You can use your tentacles to constrict eight enemies at once.
Your skin changes colour to match your surroundings (Stealth+).
Your rubbery body absorbs attacks. (AC +1, EV +1)


Message History

The jelly is heavily wounded.
The jelly closely misses you.
You hit the jelly. The acid corrodes you!
Your tentacles burn!
The jelly is heavily wounded.
The jelly hits you.
You are splashed with acid.
You hit the jelly.
Your tentacles burn!
* * * LOW HITPOINT WARNING * * *
The jelly is severely wounded.
You block the jelly's attack.
You hit the jelly but do no damage.
Your tentacles burn!
* * * LOW HITPOINT WARNING * * *
The jelly is severely wounded.
The jelly misses you.
You hit the jelly but do no damage.
Your tentacles burn!
* * * LOW HITPOINT WARNING * * *
The jelly is severely wounded.
The jelly hits you.
* * * LOW HITPOINT WARNING * * *
The acid corrodes you!
You are splashed with acid!
You die...

# # # # .# #.###### .#.
#.### #..<...##### #.#
#.... #.##.......# #.#
#...### # #.#.###.# #.#
##.......
#.#.###.###.###.......#
#.#..........@J........
####.##..†)....###..%....#
........##[##### ##.....##
##......##.# #...##
........##.# #.##
##.....###.# ... #.)....
#.# ### ###.......#
####.####


You could see a jelly.

Vanquished Creatures
  An ogre (D:4)
  A scorpion (D:4)
  3 hounds
  A gnoll shaman (D:4)
  An orc wizard (D:3)
  An iguana (D:4)
  4 gnolls (D:4)
  7 adders
  A shadow imp (D:5)
  3 oozes
  An adder skeleton (D:4)
  2 worms (D:2)
  A dart slug (D:2)
  A leopard gecko (D:4)
  12 orcs
  7 giant cockroaches
  6 goblins
  8 hobgoblins
  15 jackals
  A quokka (D:3)
  A ball python (D:2)
  5 bats
  8 frilled lizards
  11 kobolds
  4 rats
106 creatures vanquished.

Vanquished Creatures (others)
  Natasha (D:3)
  A bat (D:2)
  A goblin (D:2)
3 creatures vanquished.

Grand Total: 109 creatures vanquished

Notes
Turn   | Place    | Note
-------+----------+-------------------------------------------
     0 | D:1      | BorisKarlOrff the Octopode Assassin began the quest for the
                  | Orb.
     0 | D:1      | Reached XP level 1. HP: 14/14 MP: 1/1
    62 | D:1      | Reached XP level 2. HP: 19/19 MP: 2/2
   145 | D:1      | Reached skill level 6 in Stealth
   352 | D:1      | Reached XP level 3. HP: 21/24 MP: 3/3
   797 | D:2      | Reached skill level 7 in Stealth
   797 | D:2      | Reached XP level 4. HP: 25/29 MP: 4/4
   835 | D:2      | Found a radiant altar of Vehumet.
  1433 | D:2      | Reached XP level 5. HP: 31/35 MP: 5/5
  1868 | D:3      | Noticed Natasha
  1909 | D:3      | Killed Natasha
  2138 | D:3      | Noticed a phantom
  2163 | D:3      | Reached XP level 6. HP: 38/41 MP: 6/6
  2185 | D:4      | Reached skill level 8 in Stealth
  2525 | D:4      | Found a staircase to the Ecumenical Temple.
  2568 | D:4      | Learned a level 1 spell: Confusing Touch
  2706 | D:4      | Found a shadowy altar of Dithmenos.
  2717 | D:4      | Reached XP level 7. HP: 34/46 MP: 7/7
  2966 | D:4      | Became a worshipper of Dithmenos the Shadowed
  3011 | D:4      | Found a deep blue altar of Sif Muna.
  3059 | D:4      | Found a glowing golden altar of the Shining One.
  3533 | D:4      | Found a glowing silver altar of Zin.
  3625 | D:5      | Entered Level 5 of the Dungeon
  3685 | D:5      | Splashed by a jelly's acid

Skill      XL: |  1  2  3  4  5  6 |
---------------+-------------------+-----
Stealth        | 6 7 8 |  8.6
Short Blades   | 3 |  3.6
Throwing       | 3 |  3.8
Fighting       | 3 |  3.1
Dodging        | 2 |  2.3
Shields        | |  0.3
Spellcasting   | |  0.3
Hexes          | |  0.7

Action                   |  1- 3 |  4- 6 |  7- 9 || total
-------------------------+-------+-------+-------++-------
Melee: Dagger            |    63 |   146 |    40 ||   249
       Constrict         |    16 |    31 |     9 ||    56
       Tentacles         |    13 |    27 |     9 ||    49
 Fire: Blowgun           |       |    42 |    17 ||    59
  Use: Scroll            |     4 |     4 |     1 ||     9
       Potion            |       |     3 |       ||     3
 Stab: Sleeping          |    12 |    13 |     1 ||    26
  Eat: Ration            |     1 |     2 |       ||     3
Armor: Skin              |     3 |    14 |     2 ||    19
Dodge: Dodged            |    28 |    79 |    24 ||   131
Block: Shield            |       |     4 |    20 ||    24
